 Dungeon Sprint DCSS version 0.30-a0-867-g305f33218d (webtiles) character file.

Game seed: 5609654039034365379

1552 dialectric the Carver (level 8, -2/51 HPs)
             Began as a Gargoyle Fighter on Mar 10, 2023.
             Slain by a wyvern (10 damage)
             ... in the Dungeon (Sprint II: "The Violet Keep of Menkaure").
             The game lasted 00:02:33 (231 turns).

dialectric the Carver (Gargoyle Fighter)             Turns: 231, Time: 00:02:33

Health: -2/51      AC: 11    Str: 20    XL:     8   Next: 88%
Magic:  7/7        EV: 11    Int:  9    God:
Gold:   567        SH:  0    Dex: 11    Spells: 7/7 levels left

rFire   x . .      SeeInvis .    a - +0 long sword
rCold   . . .      Faith    .    (no shield)
rNeg    + . .      Spirit   .    b - +0 scale mail
rPois   ∞          Reflect  .    (no helmet)
rElec   +          Rampage  .    (no cloak)
rCorr   .          NoTele   +    (no gloves)
Will    .....                    (no boots) Stlth
                                 (no amulet)
HPRegen 0.28/turn                (no ring)
MPRegen 0.10/turn                (no ring)

@: hasted, very quick
A: sickness immunity, AC +5, negative energy resistance 1, electricity
resistance, torment resistance 1, petrification resistance, hooves 1, deformed
body, frail 1, low MP 1, heat vulnerability 1, subdued magic 1, devolution 1
a: no special abilities


You were in the Dungeon.
You visited 1 branch You collected 567 gold pieces.

Inventory:

Hand Weapons
 a - a +0 long sword (weapon)
Armour
 b - a +0 scale mail (worn)
Scrolls
 j - a scroll of blinking
Potions
 h - 2 potions of magic


   Skills:
 - Level 10.1 Fighting
 * Level 12.2 Long Blades
 + Level 10.9 Armour
 * Level 4.1 Dodging
 + Level 4.4 Shields


You had 7 spell levels left.
You didn't know any spells.
Your spell library was empty.

Dungeon Overview and Level Annotations

Branches:
Dungeon (1/1)

Altars:
Cheibriados
Dithmenos
Elyvilon
Fedhas
Hepliaklqana
Kikubaaqudgha
Makhleb
Nemelex Xobeh
Qazlal
Ru
Sif Muna
Trog
Uskayaw
Vehumet
Wu Jian
Xom
Yredelemnul
Zin
The Shining One
Jiyva
Lugonu

Annotations:
D exclusion: ice statue


Innate Abilities, Weirdness & Mutations

You are immune to sickness and miasma.
Your stone body is resilient. (AC +5)
You are immune to poison.
You resist negative energy. (rN+)
You are resistant to electric shocks. (rElec)
You are resistant to unholy torment.
You are immune to petrification.
You have large cloven feet.
Armour fits poorly on your strangely shaped body.
You are frail. (-10% HP)
Your magical capacity is low. (-10% MP)
You are vulnerable to heat. (rF-)
Your spells are a little easier to cast, but a little less powerful.
You have hidden genetic defects.


Message History

Your Long Blades skill increases to level 12!
You see here a water moccasin corpse.
You now have 567 gold pieces (gained 81).
You see here a water moccasin corpse.
There is an open door, spattered with blood here.
You see here a yak corpse.
Really walk into a travel-excluded area?
You enter the shallow water.
Moving in this stuff is going to be slow.
Really walk into that cloud of steam?
Okay, then.
Really walk into a travel-excluded area?
Found a hazy altar of Hepliaklqana and a snail-covered altar of Cheibriados.
You feel yourself speed up.
There is an open door here.
You open the door.
There is an open door here.
There is a staircase leading out of the dungeon here.
You see here a +0 buckler.
You start resting.
You recover from your berserk rage.
You start resting.
The walls and floor vibrate strangely for a moment.
You open the door.
The wyvern hisses angrily. x2
You closely miss the wyvern. Your kick misses the wyvern. The wyvern bites you!
You barely miss the wyvern. The wyvern bites you!
You barely miss the wyvern. You kick the wyvern, but do no damage.
The wyvern closely misses you.
You hit the wyvern but do no damage. Your kick misses the wyvern.
The wyvern barely misses you. The wyvern bites you!
* * * LOW HITPOINT WARNING * * *
Unknown command.
You feel better. The wyvern closely misses you.
There are no items here.
You feel yourself speed up. The wyvern bites you.
* * * LOW HITPOINT WARNING * * *
The wyvern closely misses you. The wyvern attacks as you move away!
The wyvern bites you!
You die...

####~~#+++#+++## ..
###~~~.........# ..
..#~~~~.##'##..# #.
..#~~~~##.#.##.#### +.###
..#~~~~#..#..#....# ...#
..#~~#####.#####..#####..#
⌠.#~##. #'###.##..#.†††.#
..#~ #l##.##.#.#..#..#..#
..+ #l@<.'##.'..####.^#
#.##.###..#....###.. #.
#'# #.##......~~~ #
#.).####~~.....~#'
#..#..#~~~~~~~§.~#. ##.
.##~§§~~~~~.~#_ ##
##§~~≈§≈~~§~~#.
~§~§~~§§≈≈~~~#_
'§§#~≈≈≈§§§≈~#.


You could see 2 wyverns.

Vanquished Creatures
  A merfolk siren (D)
  3 yaks (D)
  4 neqoxecs (D)
  Menkaure (D)
  2 water moccasins (D)
  4 scorpions (D)
15 creatures vanquished.

Notes
Turn   | Place    | Note
-------+----------+-------------------------------------------
     0 | D        | dialectric the Gargoyle Fighter began the quest for the
                  | Orb.
     0 | D        | Reached XP level 1. HP: 14/14 MP: 1/1
     7 | D        | Noticed a wyvern
     7 | D        | Noticed a wyvern
    10 | D        | Noticed a scorpion
    10 | D        | Noticed a scorpion
    13 | D        | Killed a scorpion
    14 | D        | Reached skill level 5 in Fighting
    14 | D        | Reached skill level 2 in Long Blades
    14 | D        | Reached skill level 5 in Armour
    14 | D        | Reached XP level 2. HP: 19/21 MP: 2/2
    14 | D        | Reached XP level 3. HP: 24/26 MP: 3/3
    17 | D        | Killed a scorpion
    18 | D        | Reached skill level 4 in Long Blades
    18 | D        | Reached XP level 4. HP: 31/32 MP: 4/4
    19 | D        | Noticed a neqoxec
    23 | D        | Gained mutation: You are clumsy. (Dex -2) [a neqoxec]
    26 | D        | Killed a neqoxec
    27 | D        | Reached skill level 6 in Long Blades
    27 | D        | Reached XP level 5. HP: 24/39 MP: 5/5
    27 | D        | Reached XP level 6. HP: 27/44 MP: 6/6
    30 | D        | Noticed a merfolk siren
    44 | D        | Killed a merfolk siren
    45 | D        | Reached skill level 9 in Long Blades
    45 | D        | Reached XP level 7. HP: 34/52 MP: 7/7
    60 | D        | Reached skill level 10 in Fighting
    60 | D        | Reached skill level 10 in Armour
    64 | D        | Noticed an ice statue
    70 | D        | Reached skill level 10 in Long Blades
    79 | D        | Noticed a neqoxec
    81 | D        | Noticed a neqoxec
    85 | D        | Gained mutation: Your magical capacity is low. (-10% MP) [a
                  | neqoxec]
    91 | D        | Killed a neqoxec
    92 | D        | Reached XP level 8. HP: 41/57 MP: 7/7
    93 | D        | Gained mutation: You have hidden genetic defects. [a
                  | neqoxec]
   101 | D        | Found a glowing golden altar of the Shining One.
   101 | D        | Found an ornate altar of the Wu Jian Council.
   101 | D        | Noticed Menkaure
   102 | D        | Found a shimmering altar of Xom.
   102 | D        | Found a sacrificial altar of Ru.
   103 | D        | Found a basalt altar of Yredelemnul.
   103 | D        | Found a shimmering blue altar of Sif Muna.
   103 | D        | Found a stormy altar of Qazlal.
   103 | D        | Found a viscous altar of Jiyva.
   104 | D        | Found a glowing silver altar of Zin.
   104 | D        | Found a bloodstained altar of Trog.
   104 | D        | Found an ancient bone altar of Kikubaaqudgha.
   106 | D        | Found a hide-covered altar of Uskayaw.
   106 | D        | Found a corrupted altar of Lugonu.
   106 | D        | Found a shadowy altar of Dithmenos.
   108 | D        | Killed Menkaure
   109 | D        | Found a radiant altar of Vehumet.
   109 | D        | Found a burning altar of Makhleb.
   109 | D        | Found a white marble altar of Elyvilon.
   110 | D        | Found a sparkling altar of Nemelex Xobeh.
   110 | D        | Found a blossoming altar of Fedhas.
   112 | D        | Lost mutation: You are clumsy. (Dex -2) [a neqoxec]
   113 | D        | Gained mutation: You are frail. (-10% HP) [a neqoxec]
   114 | D        | Gained mutation: You are vulnerable to heat. (rF-) [a
                  | neqoxec]
   118 | D        | Gained mutation: Armour fits poorly on your strangely
                  | shaped body. [a neqoxec]
   124 | D        | Gained mutation: You have large cloven feet. [a neqoxec]
   131 | D        | Noticed a yak
   131 | D        | Noticed a yak
   132 | D        | Noticed a yak
   138 | D        | Killed a yak
   139 | D        | Reached skill level 11 in Long Blades
   140 | D        | Killed a yak
   145 | D        | Killed a yak
   155 | D        | Gained mutation: Your spells are a little easier to cast,
                  | but a little less powerful. [hidden defects]
   162 | D        | Reached skill level 12 in Long Blades
   172 | D        | Found a hazy altar of Hepliaklqana.
   172 | D        | Found a snail-covered altar of Cheibriados.
   231 | D        | Slain by a wyvern

Illustrated notes

Levels and vault maps discovered:
D:        the_violet_keep_of_menkaure [sprint2_stairs_cluster_1,
          sprint2_shoproom, sprint2_temple, sprint2_basic_supplies,
          sprint2_obstacle_7, sprint2_obstacle_5, sprint2_obstacle_2,
          sprint2_obstacle_6, sprint2_obstacle_3, sprint2_timed_cluster_1,
          sprint2_smallroom_cluster_1, sprint2_smallroom_final_cluster_1,
          sprint2_transparent_cluster_1, sprint2_second_timed_cluster_1,
          sprint2_sniper_area_1, sprint2_heavy_combat_area_1,
          sprint2_mutation_trap_area_1, sprint2_forest_area_1,
          sprint2_light_combat_area_1, sprint2_behind_water_1,
          sprint2_near_end_vault_1]

Skill      XL: |  1  2  3  4  5  6  7  8 |
---------------+-------------------------+-----
Fighting       | 5 6 8 9 10 | 10.1
Long Blades    | 2 4 6 9 10 12 | 12.2
Armour         | 5 6 8 9 10 | 10.9
Dodging        | 2 4 |  4.1
Shields        | 4 |  4.4

Action                     |  1- 3 |  4- 6 |  7- 9 || total
---------------------------+-------+-------+-------++-------
  Melee: Long sword        |     6 |    18 |    63 ||    87
         Kick              |       |       |    10 ||    10
    Use: Potion            |     1 |       |     4 ||     5
 Armour: Scale mail        |     4 |     2 |    22 ||    28
  Dodge: Dodged            |     2 |     2 |    24 ||    28

Table legend: (Time is in decaauts)
 A = Elapsed time spent in this place.
 B = Non-inter-level travel time spent in this place.
 C = Inter-level travel time spent in this place.
 D = Time resting spent in this place.
 E = Time spent auto-exploring this place.
 F = Levels seen in this place.
 G = Mean time per level.
                   A        B        C        D        E       F      G
               +--------+--------+--------+--------+--------+-----+--------+
         Total |    238 |    238 |      0 |     37 |      0 |   1 |  238.0 |
       Dungeon |    238 |    238 |      0 |     37 |      0 |   1 |  238.0 |
               +--------+--------+--------+--------+--------+-----+--------+

Top non-repeatable levels by time:
       D: 238 daAuts
